 Dungeon Crawl Stone Soup version 0.27.1-33-g824d729ab1 (webtiles) character file.

Game seed: 17709942836373932675

308 ces the Covered (level 6, -9/51 HPs)
             Began as a Gnoll Wanderer on Dec 8, 2021.
             Mangled by an ogre (12 damage)
             ... on level 5 of the Dungeon.
             The game lasted 00:07:29 (3545 turns).

ces the Covered (Gnoll Wanderer)                    Turns: 3545, Time: 00:07:30

Health: -9/51      AC:  6    Str: 11    XL:     6   Next: 40%
Magic:  9/9        EV: 11    Int: 11    God:
Gold:   83         SH:  0    Dex: 14    Spells: 9/9 levels left

rFire    . . .     SeeInvis .   a - +2 spear
rCold    . . .     Faith    .   (no shield)
rNeg     . . .     Spirit   .   b - +0 ring mail
rPois    .         Reflect  .   (no helmet)
rElec    .         Harm     .   (no cloak)
rCorr    .         Rampage  .   (no gloves)
Will     .....                  (no boots)
Stlth    +.........             (no amulet)
HPRegen  0.17/turn              (no ring)
MPRegen  0.11/turn              (no ring)

@: lit by a corona, about to teleport, glowing
A: fangs 1, strong nose, distributed training
a: no special abilities


You were on level 5 of the Dungeon.
You visited 1 branch of the dungeon, and saw 5 of its levels.

You collected 83 gold pieces.

Inventory:

Hand Weapons
 a - a +2 spear (weapon)
 d - a +0 dagger
Armour
 b - a +0 ring mail (worn)
Jewellery
 e - an amulet of magic regeneration
 o - a ring of wizardry
Wands
 c - a wand of iceblast (2)
Scrolls
 h - a scroll of blinking {unknown}
 i - a scroll of holy word {unknown}
 j - a scroll of noise {unknown}
 l - a scroll of enchant weapon {unknown}
 n - a scroll of identify {unknown}
Potions
 f - a potion of berserk rage {unknown}
 k - a potion of magic {unknown}
 m - 2 potions of attraction
 p - a potion of cancellation {unknown}


   Skills:
 + Level 5.0 Fighting
 + Level 2.0 Short Blades
 + Level 2.0 Long Blades
 + Level 2.0 Axes
 + Level 3.2 Maces & Flails
 + Level 5.0 Polearms
 + Level 2.0 Staves
 + Level 2.0 Slings
 + Level 2.0 Bows
 + Level 2.0 Crossbows
 + Level 2.0 Throwing
 + Level 5.0 Armour
 + Level 2.0 Dodging
 + Level 4.6 Stealth
 + Level 3.2 Shields
 + Level 2.0 Unarmed Combat
 + Level 2.0 Spellcasting
 + Level 1.5 Conjurations
 + Level 1.5 Hexes
 + Level 1.5 Summonings
 + Level 1.5 Necromancy
 + Level 1.5 Translocations
 + Level 1.5 Transmutations
 + Level 1.5 Fire Magic
 + Level 1.5 Ice Magic
 + Level 1.5 Air Magic
 + Level 1.5 Earth Magic
 + Level 1.5 Poison Magic
 + Level 2.1 Invocations
 + Level 2.0 Evocations


You had 9 spell levels left.
You didn't know any spells.
Your spell library contained the following spells:

 Spells                   Type           Power      Damage    Failure   Level
 Beastly Appendage        Tmut           8%         N/A       34%         1
 Slow                     Hex            4%         N/A       45%         2
 Wereblood                Tmut           4%         N/A       45%         2
 Confusing Touch          Hex            4%         N/A       71%         3
 Spider Form              Tmut/Pois      2%         N/A       71%         3
 Vampiric Draining        Necr           2%         2d6       71%         3


Dungeon Overview and Level Annotations

Branches:
Dungeon (5/15)
 Temple: D:4-7

Altars:
Yredelemnul
Zin

Shops:
D:4 =


Innate Abilities, Weirdness & Mutations

You have very sharp teeth.
Your uncanny sense of smell can sniff out nearby items.
Your experience applies equally to all skills.


Message History

Your Axes skill increases to level 2!
Your Staves skill increases to level 2!
Your Slings skill increases to level 2!
Your Bows skill increases to level 2!
Your Crossbows skill increases to level 2!
Your Throwing skill increases to level 2!
Your Dodging skill increases to level 2!
Your Unarmed Combat skill increases to level 2!
Your Spellcasting skill increases to level 2!
Your Evocations skill increases to level 2!
Okay, then.
The gnoll shaman calls down the wrath of its god upon you.
You are outlined in light.
The gnoll closely misses you. The gnoll hits you with a +0 flail.
The gnoll shaman calls upon its god to speed up the gnoll.
The gnoll seems to speed up.
The gnoll hits you with a +0 flail.
The gnoll shaman calls upon its god to speed up the gnoll.
The gnoll shouts!
The gnoll seems to speed up.
The gnoll hits you but does no damage.
You see here a necrophage corpse.
The gnoll hits you from afar with a +0 halberd!
* * * LOW HITPOINT WARNING * * *
The gnoll hits you with a +0 flail.
* * * LOW HITPOINT WARNING * * *
A worm comes into view.
There is a stone staircase leading down here.
The gnoll hits you with a +0 flail.
* * * LOW HITPOINT WARNING * * *
The gnoll hits you with a +0 flail.
* * * LOW HITPOINT WARNING * * *
You climb downwards.
The black bear growls angrily.
The ogre shouts!
There is a stone staircase leading up here.
As you read the scroll labelled JOOKAK ZEYFUEDD, it crumbles to dust.
You feel strangely unstable.
It was a scroll of teleportation.
The gnoll completely misses you. The gnoll hits you with a +0 flail.
* * * LOW HITPOINT WARNING * * *
The gnoll barely misses you. The ogre hits you with a +0 giant club!
You die...

#### ....
..... ####
..... #..#
#..h. #..#
##....##..#
#.........#
#......@<.#
#......gO.+
#.........#
##........#
#........#
+....#####
#.... #....


You could see a black bear, an ogre and a gnoll (fast).

Vanquished Creatures
  A necrophage (D:4)
  Natasha (thrice) (D:2)
  Robin (D:2)
  2 gnolls (D:4)
  An adder (D:3)
  A worm (D:2)
  3 dart slugs
  2 orcs (D:3)
  12 ball pythons
  7 endoplasms
  3 giant cockroaches
  17 goblins
  5 hobgoblins
  10 jackals (D:1)
  3 quokkas
  5 bats
  3 frilled lizards
  8 kobolds
  10 rats
97 creatures vanquished.

Vanquished Creatures (others)
  A kobold (D:4)
1 creature vanquished.

Grand Total: 98 creatures vanquished

Notes
Turn   | Place    | Note
-------+----------+-------------------------------------------
     0 | D:1      | ces the Gnoll Wanderer began the quest for the Orb.
     0 | D:1      | ces set off with the following items: a +2 spear, a +0 ring
                  | mail, a potion of curing, a +0 dagger
     0 | D:1      | Reached XP level 1. HP: 20/20 MP: 1/1
    60 | D:1      | Reached XP level 2. HP: 26/26 MP: 2/2
   269 | D:1      | Reached XP level 3. HP: 28/31 MP: 3/3
   495 | D:1      | Reached skill level 1 in Invocations
   861 | D:2      | Reached skill level 1 in Short Blades
   861 | D:2      | Reached skill level 1 in Long Blades
   861 | D:2      | Reached skill level 1 in Axes
   861 | D:2      | Reached skill level 1 in Staves
   861 | D:2      | Reached skill level 1 in Slings
   861 | D:2      | Reached skill level 1 in Bows
   861 | D:2      | Reached skill level 1 in Crossbows
   861 | D:2      | Reached skill level 1 in Throwing
   861 | D:2      | Reached skill level 1 in Dodging
   861 | D:2      | Reached skill level 1 in Unarmed Combat
   861 | D:2      | Reached skill level 1 in Spellcasting
   861 | D:2      | Reached skill level 1 in Evocations
   894 | D:2      | Noticed Natasha
   903 | D:2      | Killed Natasha
   904 | D:2      | Reached XP level 4. HP: 34/38 MP: 5/5
   938 | D:2      | Found a glowing silver altar of Zin.
   950 | D:2      | Noticed Natasha
   954 | D:2      | Killed Natasha
   955 | D:2      | Reached skill level 1 in Conjurations
   955 | D:2      | Reached skill level 1 in Hexes
   955 | D:2      | Reached skill level 1 in Summonings
   955 | D:2      | Reached skill level 1 in Necromancy
   955 | D:2      | Reached skill level 1 in Translocations
   955 | D:2      | Reached skill level 1 in Transmutations
   955 | D:2      | Reached skill level 1 in Fire Magic
   955 | D:2      | Reached skill level 1 in Ice Magic
   955 | D:2      | Reached skill level 1 in Air Magic
   955 | D:2      | Reached skill level 1 in Earth Magic
   955 | D:2      | Reached skill level 1 in Poison Magic
  1033 | D:2      | Noticed Robin
  1034 | D:2      | Reached XP level 5. HP: 41/43 MP: 6/6
  1049 | D:2      | Killed Robin
  1720 | D:2      | Noticed Natasha
  1735 | D:2      | Killed Natasha
  2150 | D:3      | Found a faded altar of an unknown god.
  3396 | D:4      | Found Oclusulo's Jewellery Shoppe.
  3442 | D:4      | Noticed a necrophage
  3447 | D:4      | Found a basalt altar of Yredelemnul.
  3483 | D:4      | Killed a necrophage
  3484 | D:4      | Reached XP level 6. HP: 49/50 MP: 8/8
  3504 | D:4      | Reached skill level 5 in Fighting
  3504 | D:4      | Reached skill level 5 in Polearms
  3504 | D:4      | Reached skill level 5 in Armour
  3543 | D:5      | Entered Level 5 of the Dungeon
  3543 | D:5      | Noticed a black bear
  3545 | D:5      | Mangled by an ogre

Illustrated notes

Levels and vault maps discovered:
D:1:      eino_arrival_cavern_e, layout_loops_ring
D:2:      layout_basic, basic_altar, uniq_natasha, uniq_robin
D:3:      layout_loops_corners, shapermc_ecumenical_altar_notcrosses
D:4:      layout_basic, kennysheep_ying_yang, serial_shops,
          nicolae_diamond_shop, nicolae_shop_waterfront, shop,
          grunt_ministairs_15, kennysheep_minor_cross
D:5:      layout_gridville, gammafunk_ghost_arena

Skill      XL: |  1  2  3  4  5  6 |
---------------+-------------------+-----
Invocations    | 1 2 |  2.1
Short Blades   | 1 2 |  2.0
Long Blades    | 1 2 |  2.0
Axes           | 1 2 |  2.0
Staves         | 1 2 |  2.0
Slings         | 1 2 |  2.0
Bows           | 1 2 |  2.0
Crossbows      | 1 2 |  2.0
Throwing       | 1 2 |  2.0
Dodging        | 1 2 |  2.0
Unarmed Combat | 1 2 |  2.0
Spellcasting   | 1 2 |  2.0
Evocations     | 1 2 |  2.0
Conjurations   | 1 |  1.5
Hexes          | 1 |  1.5
Summonings     | 1 |  1.5
Necromancy     | 1 |  1.5
Translocations | 1 |  1.5
Transmutations | 1 |  1.5
Fire Magic     | 1 |  1.5
Ice Magic      | 1 |  1.5
Air Magic      | 1 |  1.5
Earth Magic    | 1 |  1.5
Poison Magic   | 1 |  1.5
Maces & Flails | 3 |  3.2
Shields        | 3 |  3.2
Fighting       | 5 |  5.0
Polearms       | 5 |  5.0
Armour         | 5 |  5.0
Stealth        | |  4.6

Action                   |  1- 3 |  4- 6 || total
-------------------------+-------+-------++-------
Melee: Spear             |   127 |   160 ||   287
       Bite              |     8 |    11 ||    19
       Punch             |     1 |     2 ||     3
  Use: Scroll            |       |     2 ||     2
       Potion            |       |     3 ||     3
 Stab: Sleeping          |     4 |    12 ||    16
       Distracted        |       |     2 ||     2
Armor: Ring mail         |    34 |    30 ||    64
Dodge: Dodged            |    42 |    53 ||    95
